 Dungeon Crawl Stone Soup version 0.28-b1-70-g80dc712255 (webtiles) character file.

Game seed: 14878718583825180010

102858 Strat the Imperceptible (level 15, 0/84 HPs)
             Began as a Spriggan Enchanter on Feb 3, 2022.
             Was an Initiate of Gozag.
             Shot with a bolt by a tengu warrior (29 damage)
             ... on level 15 of the Dungeon.
             The game lasted 01:40:16 (42177 turns).

Strat the Imperceptible (Spriggan Enchanter)       Turns: 42177, Time: 01:40:16

Health: 0/84       AC:  6    Str:  8    XL:     15   Next: 87%
Magic:  24/26      EV: 29    Int: 20    God:    Gozag
Gold:   7074       SH:  5    Dex: 16    Spells: 6/28 levels left

rFire   + . .      SeeInvis +   b - +1 short sword (venom)
rCold   . . .      Faith    .   (no shield)
rNeg    . . .      Spirit   .   R - +2 robe {rF+}
rPois   .          Reflect  +   (helmet restricted)
rElec   .          Harm     .   e - +1 cloak
rCorr   .          Rampage  .   (gloves unavailable)
Will    ++...                   (boots unavailable)
Stlth   +++++++++.              L - amulet of reflection
HPRegen 0.24/turn               s - +4 ring of evasion
MPRegen 0.20/turn               x - ring of wizardry

@: confusing by touch, very quick
A: very small, no large weapons, unfitting armour, see invisible, speed 3
a: Renounce Religion, Potion Petition, Call Merchant, Bribe Branch


You were on level 15 of the Dungeon.
You worshipped Gozag.
Gozag was greatly pleased with you.
You visited 4 branches of the dungeon, and saw 24 of its levels.
You also visited: Volcano.

You collected 8000 gold pieces.
You spent 827 gold pieces at shops.
You paid 99 gold pieces to Gozag.

Inventory:

Hand Weapons
 a - a +2 dagger of freezing
 b - a +1 short sword of venom (weapon)
 A - a +3 hunting sling
Missiles
 f - 46 poisoned darts
 h - 570 stones (quivered)
 i - 2 throwing nets
 o - 65 sling bullets
 I - a curare-tipped dart
Armour
 e - a +1 cloak (worn)
 C - a scarf of invisibility
 H - a +0 robe of resistance
 R - a +2 robe of fire resistance (worn)
Jewellery
 s - a +4 ring of evasion (left hand)
 w - a ring of positive energy
 x - a ring of wizardry (right hand)
 y - a ring of resist corrosion
 F - a ring of poison resistance
 L - an amulet of reflection (around neck)
 T - a ring of protection from cold
Wands
 n - a wand of flame (28)
 D - a wand of digging (6)
 G - a wand of acid (4)
 Q - a wand of charming (18)
 U - a wand of polymorph (5)
 Z - a wand of mindburst (7)
Scrolls
 g - 7 scrolls of identify
 j - 2 scrolls of summoning
 l - 2 scrolls of enchant weapon
 m - 6 scrolls of enchant armour
 v - 5 scrolls of amnesia
 J - a scroll of fear
 M - 7 scrolls of teleportation
 O - 2 scrolls of holy word
 P - 3 scrolls of silence
 S - a scroll of magic mapping
 W - a scroll of fog
Potions
 c - 3 potions of invisibility
 d - a potion of curing
 k - 2 potions of brilliance
 q - 3 potions of lignification
 r - 3 potions of haste
 t - a potion of cancellation
 z - 3 potions of might
 E - a potion of resistance
 K - 2 potions of magic
 N - 2 potions of mutation
 Y - 3 potions of ambrosia
Miscellaneous
 X - a phantom mirror


   Skills:
 + Level 11.7 Fighting
 - Level 10.0 Short Blades
 + Level 11.9 Dodging
 + Level 23.6 Stealth
 - Level 7.0 Spellcasting
 - Level 10.0 Hexes
 - Level 12.0 Translocations
 - Level 6.0 Air Magic
 - Level 10.0 Evocations


You had 6 spell levels left.
You knew the following spells:

 Your Spells              Type           Power      Damage    Failure   Level
a - Ensorcelled Hibernat  Hex/Ice        54%        N/A       1%          2
b - Confusing Touch       Hex            47%        N/A       1%          3
c - Tukima's Dance        Hex            47%        N/A       1%          3
d - Anguish               Hex/Necr       13%        N/A       4%          4
e - Blink                 Tloc           100%       N/A       1%          2
f - Manifold Assault      Tloc           53%        N/A       1%          5
g - Mephitic Cloud        Conj/Pois/Air  15%        N/A       4%          3

Your spell library contained the following spells:

 Spells                   Type           Power      Damage    Failure   Level
 Dazzling Flash           Conj/Hex       54%        N/A       1%          3
 Magic Dart               Conj           28%        1d4       4%          1
 Silence                  Hex/Air        19%        N/A       4%          5
 Call Imp                 Summ           7%         N/A       6%          2
 Conjure Flame            Conj/Fire      7%         6-21      12%         3
 Ignite Poison            Fire/Tmut/Pois 7%         N/A       12%         3
 Ozocubu's Armour         Ice            7%         N/A       12%         3
 Spider Form              Tmut/Pois      7%         N/A       12%         3
 Lightning Bolt           Conj/Air       9%         1d22      28%         5
 Hailstorm                Conj/Ice       7%         3d4       34%         4
 Ice Form                 Ice/Tmut       7%         N/A       34%         4
 Sticky Flame             Conj/Fire      7%         2d3       34%         4
 Simulacrum               Ice/Necr       3%         N/A       99%         6
 Enfeeble                 Hex            23%        N/A       45%         7
 Ozocubu's Refrigeration  Ice            3%         4d5       100%        7
 Storm Form               Tmut/Air       9%         N/A       100%        7
 Polar Vortex             Ice            3%         N/A       100%        9


Dungeon Overview and Level Annotations

Branches:
Dungeon (15/15)            Temple (1/1) D:6            Lair (6/6) D:10
  Swamp (0/4) Lair:3       Spider (0/4) Lair:3        Slime (0/5) Lair:6
    Orc (2/2) D:10            Elf (0/3) Orc:2        Vaults (0/5) D:13
 Depths (0/4) D:15        Volcano (visited)

Altars:
Ashenzari
Cheibriados
Dithmenos
Elyvilon
Fedhas
Gozag
Hepliaklqana
Kikubaaqudgha
Makhleb
Nemelex Xobeh
Okawaru
Qazlal
Ru
Sif Muna
Trog
Uskayaw
Vehumet
Wu Jian
Xom
Yredelemnul
Zin
The Shining One
Beogh

Shops:
D:10 (   Orc:1 (??:=   Orc:2 *(*[

Portals:
Trove: D:13 (give horn of Geryon)

Annotations:
D:5 Grinder
D:10 1 runed translucent door, pkoi's ghost, journeyman MiGl
Lair:2 Fannar
Lair:6 exclusion: 3 oklob plants


Innate Abilities, Weirdness & Mutations

You are very small and have problems with some larger weapons.
You are too small for most types of armour.
You have supernaturally acute eyesight. (SInv)
You cover ground extremely quickly. (Speed+++)


Message History

You now have 7074 gold pieces (gained 19).
Things that are here:
a +0 shortbow; 23 arrows
There is an open door here.
A seven-headed hydra is nearby!
There is an open door, spattered with blood here.
Things that are here:
a +0 dagger; a +0 robe
There is an open door here.
Casting: Confusing Touch (safe; 1% risk of failure)
Confirm with . or Enter, or press ? or * to list all spells.
Your hands begin to glow red.
The death knight shouts!
The tengu warrior shouts!
You hear a shout!
The death knight offers itself to Yredelemnul, and fills with unholy energy.
The tengu warrior unwields a +0 arbalest.
The tengu warrior wields a +0 long sword.
The tengu warrior completely misses you.
You block the tengu warrior's attack. The tengu warrior misses you.
You hit the tengu warrior but do no damage.
You closely miss the tengu warrior.
The tengu warrior completely misses you.
You block the tengu warrior's attack. The tengu warrior closely misses you.
You hit the tengu warrior but do no damage.
You barely miss the tengu warrior. The tengu warrior barely misses you.
You block the tengu warrior's attack. The tengu warrior closely misses you.
You hit the tengu warrior but do no damage.
You closely miss the tengu warrior.
The tengu warrior hits you with a +0 long sword!
The tengu warrior misses you. The tengu warrior claws you.
A slime creature comes into view.
The centaur warrior wields a +0 longbow.
The centaur warrior shoots an arrow.
The arrow hits you!
There is an open door, spattered with blood here.
The death knight hits you with a +0 vampiric broad axe!!
The death knight's dark mirror aura disappears.
The tengu warrior unwields a +0 long sword.
The tengu warrior wields a +0 arbalest.
The tengu warrior shoots a bolt.
The bolt hits you!!
You die...
Your body crumbles into a pile of gold.

#.....##. .#..#.# #..#.#...#
##(.#..##. ...#+. ..)#......
#......##.#.#.## ..[#...#.#
###..#.#.###'#c## $?/##......
#........##.#.#.########+######
##.##.#..##J.....#......# $
#.......##.Q##.#'#.#...#
##..#.#.#..#.#..#......#
#.......##.##@.#'#...#.#
###..#..##..(...#......#
#.....####.#####.#.#.#+#
#.#.#.# ## ##)#)##.+ ##.....#
#.#.#..###### #...#..##
$/$.$##......#..... #......##§§
C#.#....⌠.#'#.#.. ##..<.<.##§§
.#.+#..8...#.....
##....>..##≈$##..#..⌠...#'#....


You could see a slime creature and a tengu warrior.

Vanquished Creatures
  A sphinx (D:15)
  Kirke (Lair:5)
  A frost giant (D:15)
  Louise (D:14)
  A yaktaur captain (D:15)
  A fire dragon (Lair:6)
  6 boulder beetles
  8 vault guards (D:13)
  9 hydras
  3 ogre magi
  A rakshasa (D:14)
  9 centaur warriors
  8 two-headed ogres
  A radroach (shapeshifter) (D:15)
  2 death knights (D:15)
  A death yak (Lair:3)
  2 tengu warriors (D:14)
  4 orc high priests (Orc:2)
  A bog body (Lair:3)
  3 wizards
  2 lindwurms
  Pikel (D:7)
  A deep elf pyromancer (D:15)
  6 orc knights
  8 ugly things
  4 orc sorcerers
  A faun (Lair:3)
  15 cyclopes
  A manticore (D:15)
  An oklob plant (D:10)
  3 molten gargoyles (Lair:6)
  15 cane toads
  2 black mambas
  An unseen horror (shapeshifter) (D:15)
  A gargoyle (D:12)
  A torpor snail (Lair:4)
  An unseen horror (D:11)
  Psyche (D:12)
  12 komodo dragons
  2 yaktaurs
  2 rime drakes
  2 efreet
  2 freezing wraiths (D:15)
  A queen bee (Lair:3)
  3 meliai
  A polar bear (shapeshifter) (D:14)
  6 trolls
  2 hornets
  3 slime creatures (D:15)
  3 polar bears
  14 blink frogs
  6 dream sheep (Lair:5)
  A culicivora (Lair:3)
  41 yaks
  A shadow (D:11)
  3 wraiths
  2 vampires
  12 wyverns
  12 basilisks
  A fire elemental (Volcano)
  3 redbacks (Lair:3)
  2 steam dragons (Lair:6)
  10 vampire mosquitoes
  A hog (Lair:5)
  7 wargs
  5 hell hounds (Lair:6)
  An acid dragon (D:12)
  15 water moccasins
  2 sky beasts (D:6)
  18 orc warriors
  An ice beast (D:6)
  6 ogres
  A necrophage (D:5)
  32 wolves
  15 centaurs
  2 kobold brigands
  19 bullfrogs
  A scorpion (D:6)
  A wyvern skeleton (D:7)
  17 wights
  28 killer bees (Lair:3)
  5 howler monkeys
  A bullfrog zombie (D:6)
  3 centaur zombies
  2 lava snakes (Lair:6)
  A gnoll shaman (D:4)
  3 hounds
  Crazy Yiuf (D:4)
  34 orc priests
  A jelly (D:5)
  2 bullfrog skeletons
  2 iguanas
  40 orc wizards
  5 gnolls
  11 adders
  A howler monkey skeleton (D:6)
  2 river rats (Lair:3)
  A shadow imp (D:7)
  2 white imps
  2 ufetubi (D:5)
  3 dart slugs
  4 worms
  74 orcs
  5 ball pythons
  6 endoplasms
  7 giant cockroaches
  4 goblins
  9 hobgoblins
  2 jackals (D:3)
  21 kobolds
  4 quokkas
  4 bats
  2 frilled lizards
  4 rats
716 creatures vanquished.

Vanquished Creatures (collateral kills)
  A culicivora (Lair:3)
  A water moccasin (Lair:3)
2 creatures vanquished.

Vanquished Creatures (others)
  A culicivora (Lair:3)
  3 humans (Lair:5)
  A dancing weapon (Orc:2)
  34 fungi
  77 plants
116 creatures vanquished.

Grand Total: 834 creatures vanquished

Notes
Turn   | Place    | Note
-------+----------+-------------------------------------------
     0 | D:1      | Strat the Spriggan Enchanter began the quest for the Orb.
     0 | D:1      | Reached XP level 1. HP: 9/9 MP: 5/5
   148 | D:1      | Reached skill level 5 in Stealth
   223 | D:1      | Reached XP level 2. HP: 11/13 MP: 6/6
   966 | D:1      | Reached skill level 6 in Stealth
  1612 | D:1      | Found a faded altar of an unknown god.
  1854 | D:2      | Learned a level 2 spell: Ensorcelled Hibernation
  2402 | D:2      | Reached XP level 3. HP: 10/16 MP: 2/8
  2728 | D:2      | Reached skill level 7 in Stealth
  3105 | D:2      | Reached XP level 4. HP: 7/21 MP: 0/9
  3899 | D:2      | Reached skill level 8 in Stealth
  3996 | D:2      | Learned a level 3 spell: Confusing Touch
  4000 | D:2      | Learned a level 3 spell: Tukima's Dance
  4481 | D:3      | Identified the +2 robe of Riycveh {Harm Will+++ rCorr
                  | Dex-2}
  4822 | D:3      | Noticed a bullfrog
  4825 | D:3      | Killed a bullfrog
  4826 | D:3      | Reached skill level 9 in Stealth
  4826 | D:3      | Reached XP level 5. HP: 25/25 MP: 10/10
  5319 | D:4      | Noticed a phantom
  5440 | D:4      | Found a runed translucent door.
  5441 | D:4      | Noticed Crazy Yiuf
  5449 | D:4      | Killed Crazy Yiuf
  5450 | D:4      | Reached skill level 1 in Fighting
  6308 | D:4      | Reached XP level 6. HP: 17/30 MP: 4/11
  6563 | D:5      | Entered Level 5 of the Dungeon
  6659 | D:5      | Noticed Grinder
  7372 | D:5      | Reached skill level 5 in Short Blades
  7372 | D:5      | Reached XP level 7. HP: 33/35 MP: 9/12
  7441 | D:5      | Found a shadowy altar of Dithmenos.
  7605 | D:5      | Found a hide-covered altar of Uskayaw.
  7659 | D:5      | Paralysed by Grinder for 3 turns
  8702 | D:6      | Found a staircase to the Ecumenical Temple.
  8713 | Temple   | Entered the Ecumenical Temple
  8788 | Temple   | Became a worshipper of Gozag Ym Sagoz the Greedy
  8925 | D:6      | Reached skill level 10 in Stealth
  8925 | D:6      | Reached skill level 5 in Hexes
  8984 | D:6      | Reached XP level 8. HP: 39/39 MP: 8/13
  9514 | D:6      | Learned a level 4 spell: Anguish
 10157 | D:7      | Reached skill level 11 in Stealth
 10528 | D:7      | Noticed Pikel
 10566 | D:7      | Killed Pikel
 10567 | D:7      | Reached skill level 12 in Stealth
 10567 | D:7      | Reached XP level 9. HP: 38/45 MP: 5/14
 10751 | D:7      | Found an iron altar of Okawaru.
 11103 | D:7      | Found an ornate altar of the Wu Jian Council.
 11103 | D:7      | Found a shimmering blue altar of Sif Muna.
 11469 | D:7      | Reached skill level 5 in Dodging
 11842 | D:8      | Found a glowing golden altar of the Shining One.
 11896 | D:8      | Noticed a troll
 11901 | D:8      | Killed a troll
 12136 | D:8      | Reached skill level 5 in Fighting
 12450 | D:8      | Identified the +0 leather armour of Tartarus {rC- Int+2
                  | Stlth+}
 12611 | D:8      | Found a blossoming altar of Fedhas.
 13240 | D:9      | Noticed a six-headed hydra
 13405 | D:9      | Reached XP level 10. HP: 51/51 MP: 9/15
 13473 | D:9      | Identified the +0 pair of boots of Dice, Bag, and Bottle
                  | {rC+}
 14115 | D:10     | Entered Level 10 of the Dungeon
 14117 | D:10     | Found a runed translucent door.
 14117 | D:10     | Found a shimmering altar of Xom.
 14117 | D:10     | Noticed pkoi's ghost (journeyman MiGl)
 14117 | D:10     | Noticed a +1 rapier of chaos
 14561 | D:10     | Found a shimmering altar of Xom.
 14593 | D:10     | Found a stormy altar of Qazlal.
 14947 | D:10     | Found a staircase to the Lair.
 14948 | D:10     | Noticed an oklob plant
 15046 | D:10     | Found Mogris's Antique Weapon Shoppe.
 15151 | D:10     | Noticed an orc knight
 15390 | D:10     | Noticed an orc knight
 15573 | D:10     | Found a staircase to the Orcish Mines.
 15979 | D:10     | Killed an orc knight
 15980 | D:10     | Reached skill level 10 in Short Blades
 16218 | D:10     | Reached skill level 10 in Dodging
 16378 | D:10     | Killed an orc knight
 16984 | D:11     | Noticed a boulder beetle
 17007 | D:11     | Noticed a two-headed ogre
 17009 | D:11     | Reached XP level 11. HP: 56/56 MP: 16/16
 17011 | D:11     | Killed a two-headed ogre
 17012 | D:11     | Reached skill level 13 in Stealth
 17078 | D:11     | Killed a boulder beetle
 17770 | D:10     | Killed an oklob plant
 17771 | D:10     | Reached skill level 14 in Stealth
 17776 | Lair:1   | Entered Level 1 of the Lair of Beasts
 18067 | Lair:1   | Found a dark tunnel.
 18074 | Volcano  | Entered a volcano
 18529 | Lair:1   | Reached skill level 10 in Hexes
 18539 | Lair:1   | Reached skill level 15 in Stealth
 18905 | Lair:1   | Noticed a six-headed hydra
 19170 | Lair:2   | Reached skill level 16 in Stealth
 19179 | Lair:2   | Noticed an eight-headed hydra
 19403 | Lair:2   | Noticed a five-headed hydra
 19421 | Lair:2   | Killed a five-headed hydra
 19422 | Lair:2   | Reached XP level 12. HP: 26/63 MP: 14/17
 19613 | Lair:2   | Noticed Fannar
 20156 | Lair:2   | Reached skill level 17 in Stealth
 20312 | Lair:3   | Found a staircase to the Swamp.
 20372 | Lair:3   | Noticed a boulder beetle
 20564 | Lair:3   | Reached skill level 18 in Stealth
 20567 | Lair:4   | Noticed a seven-headed hydra
 20764 | Lair:4   | Reached skill level 1 in Evocations
 21454 | Lair:4   | Noticed a four-headed hydra
 21473 | Lair:4   | Killed a four-headed hydra
 21776 | Lair:4   | Reached skill level 5 in Spellcasting
 21940 | Lair:4   | Noticed a five-headed hydra
 21985 | Lair:4   | Killed a five-headed hydra
 21986 | Lair:4   | Reached skill level 5 in Evocations
 22258 | Lair:4   | Noticed a seven-headed hydra
 22298 | Lair:4   | Killed a seven-headed hydra
 22299 | Lair:4   | Reached skill level 19 in Stealth
 23048 | Lair:5   | Reached XP level 13. HP: 69/69 MP: 12/21
 23152 | Lair:5   | Noticed Kirke
 23190 | Lair:5   | Killed Kirke
 23658 | Lair:5   | Reached skill level 20 in Stealth
 24145 | Lair:6   | Entered Level 6 of the Lair of Beasts
 25296 | Lair:6   | Found a large runed translucent door.
 25296 | Lair:6   | Found a large runed translucent door.
 25317 | Lair:6   | Noticed a fire dragon
 25327 | Lair:6   | Killed a fire dragon
 25332 | Lair:6   | Got the Almanac of the Birds and the Glacier
 25553 | Lair:6   | Found a staircase to the Slime Pits.
 25861 | Lair:3   | Reached skill level 21 in Stealth
 25861 | Lair:3   | Reached skill level 10 in Evocations
 26981 | Lair:3   | Reached skill level 22 in Stealth
 27701 | Lair:3   | Reached skill level 10 in Fighting
 27701 | Lair:3   | Reached XP level 14. HP: 60/77 MP: 15/22
 28006 | Lair:3   | Found a hole to the Spider Nest.
 28555 | Orc:1    | Entered Level 1 of the Orcish Mines
 28730 | Orc:1    | Found Numpaad's Jewellery Shop.
 29045 | Orc:1    | Found Juargh's Book Emporium.
 29314 | Orc:1    | Found Kerheuxu's Weapon Boutique.
 29331 | Orc:1    | Found Racy's Magic Scroll Shoppe.
 29337 | Orc:1    | Found Liolixka's Magic Scroll Shop.
 29346 | Orc:1    | Bought a scroll of blinking for 97 gold pieces
 29358 | Orc:1    | Bought a scroll of teleportation for 42 gold pieces
 29358 | Orc:1    | Bought a scroll of teleportation for 42 gold pieces
 29358 | Orc:1    | Bought a scroll of teleportation for 42 gold pieces
 29358 | Orc:1    | Bought a scroll of teleportation for 42 gold pieces
 29380 | Orc:1    | Bought an Inescapable Atlas for 340 gold pieces
 29383 | Orc:1    | Learned a level 2 spell: Blink
 29391 | Orc:1    | Learned a level 7 spell: Storm Form
 29547 | Orc:1    | Reached skill level 1 in Translocations
 29875 | Orc:2    | Entered Level 2 of the Orcish Mines
 30109 | Orc:2    | Found a staircase to the Elven Halls.
 30172 | Orc:2    | Reached skill level 1 in Air Magic
 31737 | Orc:2    | Reached skill level 5 in Translocations
 32225 | Orc:2    | Found Fehiorghiosk's Assorted Antiques.
 32225 | Orc:2    | Found Pait's Antique Armour Shoppe.
 32225 | Orc:2    | Found Cuhaapol's Antique Weapon Emporium.
 32230 | Orc:2    | Found Inlung's General Store.
 32233 | Orc:2    | Bought a scroll of teleportation for 111 gold pieces
 32233 | Orc:2    | Bought a scroll of teleportation for 111 gold pieces
 32715 | D:12     | Noticed Psyche
 32732 | D:12     | Killed Psyche
 33306 | D:13     | Found a portal to a secret trove of treasure.
 33618 | D:13     | Found a gate to the Vaults.
 33735 | D:13     | Reached skill level 5 in Air Magic
 34975 | D:14     | Found an ancient bone altar of Kikubaaqudgha.
 34999 | D:14     | Reached skill level 10 in Translocations
 35570 | D:14     | Noticed Louise
 35622 | D:14     | Killed Louise
 35623 | D:14     | Reached XP level 15. HP: 81/81 MP: 23/23
 36151 | D:14     | Learned a level 5 spell: Manifold Assault
 36155 | D:14     | Learned a level 3 spell: Mephitic Cloud
 36401 | D:15     | Entered Level 15 of the Dungeon
 36562 | D:15     | Noticed a frost giant
 36566 | D:15     | Killed a frost giant
 37493 | D:15     | Found a staircase to the Depths.
 40335 | D:15     | Reached skill level 23 in Stealth
 40551 | D:15     | Found a broken altar of Ashenzari.
 40551 | D:15     | Found a shimmering altar of Xom.
 40552 | D:15     | Found a hide-covered altar of Uskayaw.
 41100 | D:15     | Noticed a caustic shrike
 41116 | D:15     | Noticed a golden dragon
 41135 | D:15     | Noticed a shadow dragon
 41140 | D:15     | a shadow dragon changed into an eleionoma
 41144 | D:15     | Noticed an azure jelly
 41144 | D:15     | an eleionoma changed into an azure jelly
 41148 | D:15     | Noticed a frost giant
 41148 | D:15     | an azure jelly changed into a frost giant
 41159 | D:15     | Noticed a fenstrider witch
 41159 | D:15     | Noticed a frost giant
 41159 | D:15     | a fenstrider witch changed into a frost giant
 41948 | D:15     | Noticed a sphinx
 41995 | D:15     | Killed a sphinx
 42177 | D:15     | Shot with a bolt by a tengu warrior

Illustrated notes

Levels and vault maps discovered:
D:1:      eino_arrival_water_star, layout_basic,
          dreamdust_ecumenical_altar_angels_and_demons
D:2:      layout_loops_ring, grunt_decor_fettered, grunt_ministairs_6
D:3:      layout_basic
D:4:      layout_rooms, chequers_serial_rivers_room_b, grunt_decor_clamped,
          uniq_crazy_yiuf_cottage
D:5:      layout_cave_pools, lemuel_coloured_pillars_altar,
          kennysheep_mini_moat, uniq_grinder
D:6:      layout_basic, minmay_temple_entry_mini_moons
D:7:      layout_cave_pods, mainiacjoe_overflow_divided_tiny,
          lemuel_crystal_altar, uniq_pikel
D:8:      layout_basic, fedhas_altar_3, kennysheep_mini
D:9:      layout_basic
D:10:     layout_grid_maze, nicolae_qazlal_scattered_showers,
          mainiacjoe_overflow_six_doors_small, dpeg_oklobed_lair, david_orc_5,
          ebering_ghost_xom, serial_shops, kennysheep_little_box,
          chequers_serial_rivers_small_3
D:11:     layout_roguey
D:12:     layout_long_grid, minmay_misc_feat_hallway, minmay_statues_item,
          uniq_psyche
D:13:     layout_big_octagon, erik_vaults_2, enter_trove_1, kennysheep_boxes
D:14:     layout_stronghold, kiku_gazebo_garden_becter, uniq_louise
D:15:     hangedman_slaughterboxes
Temple:   dshaligram_water_room_temple
Lair:1:   layout_long_grid, lightli_volcano_entry_magma_tube,
          infiniplex_staircase_pool_2
Lair:2:   layout_gridlike, uniq_fannar
Lair:3:   regret_index_bee_streams, layout_regular_city,
          skrybe_swamp_entry_bodies, nicolae_spider_entry_tight_spaces,
          grunt_forest_large_clearings
Lair:4:   layout_loops_ring, cheibrodos_lair_reptile_den, serial_bayou_shore_a
Lair:5:   layout_roguey, grunt_megastairs_2, uniq_kirke
Lair:6:   cheibrodos_lair_end_hotspot, layout_hall_layers,
          minmay_slime_entry_oklob_enclosed, lemuel_fruit_tree
Orc:1:    minmay_goldmine, layout_caves, serial_shops,
          nicolae_shop_hallway_stairs, nicolae_lakefront_shop,
          nicolae_shop_bloodbath_and_beyond, guppyfry_orc_lava_fort
Orc:2:    st_orc_mages, layout_caves

Skill      XL: |  1  2  3  4  5  6  7  8  9 10 11 12 13 14 15 |
---------------+----------------------------------------------+-----
Stealth        | 5 6 7 9 10 12 16 19 22 23 | 23.6
Short Blades   | 3 5 6 8 10 | 10.0
Fighting       | 1 2 4 5 6 7 8 10 11 | 11.7
Hexes          | 5 7 10 | 10.0
Dodging        | 3 7 10 11 | 11.9
Spellcasting   | 5 7 |  7.0
Evocations     | 6 10 | 10.0
Translocations | 11 12 | 12.0
Air Magic      | 6 |  6.0

Action                   |  1- 3 |  4- 6 |  7- 9 | 10-12 | 13-15 || total
-------------------------+-------+-------+-------+-------+-------++-------
Melee: Dagger            |   217 |   151 |   269 |   342 |   324 ||  1303
       Punch             |     3 |     1 |     8 |    11 |    21 ||    44
       Short sword       |       |       |     4 |   317 |  1143 ||  1464
 Cast: Ensorcelled Hiber |     9 |    38 |    52 |   182 |   299 ||   580
       Confusing Touch   |       |     5 |    30 |    11 |    84 ||   130
       Tukima's Dance    |       |       |       |       |     1 ||     1
       Mephitic Cloud    |       |       |       |       |     2 ||     2
Evoke: Wand              |       |       |       |     3 |    18 ||    21
  Use: Scroll            |       |    15 |     4 |     8 |    11 ||    38
       Potion            |       |       |       |     1 |     6 ||     7
 Stab: Sleeping          |    10 |    30 |    33 |   108 |   202 ||   383
       Distracted        |     1 |     1 |     2 |     3 |    19 ||    26
       Confused          |       |     5 |    24 |     7 |    97 ||   133
Armor: Robe              |    31 |    17 |    12 |    30 |    78 ||   168
Dodge: Dodged            |   168 |   121 |   131 |   340 |   935 ||  1695
Block: Other             |       |       |     4 |    92 |   211 ||   307
       Reflection        |       |       |     1 |     2 |    10 ||    13
